 Dungeon Sprint DCSS version 0.31.0-1-g2c135a0 (webtiles) character file.

Game seed: 17207734093543628881

2956 PurpleRed the Severer (level 9, -3/145 HPs)
             Began as a Minotaur Berserker on Mar 8, 2024.
             Was a High Priest of Trog.
             Slain by a tentacle (7 damage)
             ... attached to a kraken
             ... in the Dungeon (Sprint II: "The Violet Keep of Menkaure").
             The game lasted 00:06:18 (731 turns).

PurpleRed the Severer (Minotaur Berserker)           Turns: 731, Time: 00:06:18

Health: -3/145     AC:  0    Str: 26    XL:     9   Next: 52%
Magic:  8/8        EV: 21    Int:  4    God:    Trog [*****.]
Gold:   147        SH:  0    Dex: 15    Spells: 8/8 levels left

rFire   . . .        d - melded +3 eveningstar of Meogheff {speed, *Corrode rPois Str-4 Int+6}
rCold   . . .        (shield currently unavailable)
rNeg    . . .        i - melded +6 ring mail of the Gastropod {Int+3}
rPois   .            (helmet currently unavailable)
rElec   .            (cloak currently unavailable)
rCorr   .            (gloves currently unavailable)
SInv    .            (boots currently unavailable)
Will    .....        (no amulet) Stlth
                     (ring currently unavailable)
HPRegen 0.44/turn    (ring currently unavailable)
MPRegen 0.11/turn

%: no teleportation
@: berserking, bat-form, flying, very quick
A: fast, flying, no casting, tiny, (horns 2), (retaliatory headbutt)
a: Renounce Religion, Berserk, Trog's Hand, Brothers in Arms


You were in the Dungeon.
You worshipped Trog.
Trog was extremely pleased with you.
You were a bat.
You visited 1 branch You collected 810 gold pieces.
You spent 663 gold pieces at shops.

Inventory:

Hand Weapons
 a - a +0 hand axe
 d - the +3 eveningstar of Meogheff (melded) {speed, *Corrode rPois Str-4 Int+6}
   (You bought it in a shop in the Dungeon)

   Str-4:     It affects your strength (-4).
   Int+6:     It affects your intelligence (+6).
   rPois:     It protects you from poison *Corrode: It may corrode you when you
   take damage.
Armour
 b - a +0 animal skin
 i - the +6 ring mail of the Gastropod (melded) {Int+3}
   (You bought it in a shop in the Dungeon)

   Int+3:     It affects your intelligence (+3).
Scrolls
 h - a scroll of blinking
Potions
 f - 2 potions of magic


   Skills:
 + Level 15.1 Fighting
 - Level 19.1(19.6) Axes
 * Level 7.1(14.3) Maces & Flails
 + Level 5.6 Armour
 + Level 5.1 Dodging


You had 8 spell levels left.
You didn't know any spells.
Your spell library was empty.

Dungeon Overview and Level Annotations

Branches:
Dungeon (1/1)

Altars:
Cheibriados
Dithmenos
Elyvilon
Fedhas
Gozag
Hepliaklqana
Kikubaaqudgha
Makhleb
Nemelex Xobeh
Okawaru
Qazlal
Ru
Sif Muna
Trog
Uskayaw
Vehumet
Wu Jian
Xom
Yredelemnul
Zin
The Shining One
Jiyva
Lugonu

Shops:
D :=:?=![![?(?[!(

Annotations:
D exclusion: oklob plant


Innate Abilities, Weirdness & Mutations

You are a bat.
You are tiny and dextrous.
You move quickly.
You are flying.
Your equipment is almost entirely melded.
You are incapable of wielding weapons or throwing items.
You cannot cast spells.
((You have a pair of horns on your head.))
((You reflexively headbutt those who attack you in melee.))


Message History

The death drake completely misses you.
Unknown command.
The death drake closely misses you.
Unknown command.
The death drake bites you.
Unknown command.
The death drake misses you. The death drake barely misses you.
Unknown command.
The tentacle seems less confused.
The tentacle slaps you!! x2
The death drake bites you!
Unknown command.
A red film seems to cover your vision as you go berserk!
You feel yourself moving faster!
You feel mighty!
You feel less confused. The tentacle completely misses you.
The death drake bites you!
* * * LOW HITPOINT WARNING * * *
The tentacle misses you.
You bite the tentacle!
The tentacle is severely wounded.
The tentacle slaps you!
* * * LOW HITPOINT WARNING * * *
The death drake completely misses you.
You hit the tentacle.
The tentacle is almost dead.
The tentacle slaps you!!
* * * LOW HITPOINT WARNING * * *
The death drake bites you.
* * * LOW HITPOINT WARNING * * *
You barely miss the tentacle.
The tentacle is almost dead.
The tentacle closely misses you.
Unknown command.
You bite the tentacle!
You kill the tentacle!
The death drake misses you.
Unknown command.
You hit the tentacle.
The tentacle is lightly wounded.
The tentacle slaps you!
You die...

#. k# +.##. [▓((?[[?![▓▓
.^.####▓$![!%?$)▓▓
####.k##.#▓$)()!:(!▓▓
#$G+^.#..#▓$[?$:($(▓▓
#.[#..#)†#▓$!?))($!▓▓
####..##†#▓!)$)??)=▓▓
..###.○°##▓▓▓▓▓▓▓w▓▓▓▓+▓
§...~~~k°~~~kkkkb.──X≈≈▓
§§..~#'########+###.ww≈▓
§~..~#._._._..#l§~# ≈≈▓
~~~.~#.._._._.#l~§≈# ▓
~~~~~#._._._._#~~~§§
≈≈~~~#_._._._.#~~§l≈≈
≈≈§≈~#._._._..#~~~~~≈
###≈§#_._._...#§~~~≈~
#≈≈#._._....#~~


You could see a kraken, 2 death drakes, 3 tentacles and 2 swamp drakes.

Vanquished Creatures
  2 boulder beetles (D)
  A merfolk siren (D)
  A yaktaur (D)
  3 polar bears (D)
  A hornet (D)
  2 crocodiles (D)
  4 necrophages (D)
  3 ribbon worms (D)
  A tentacle (D)
18 creatures vanquished.

Vanquished Creatures (others)
  Menkaure (D)
1 creature vanquished.

Grand Total: 19 creatures vanquished

Notes
Turn   | Place    | Note
-------+----------+-------------------------------------------
     0 | D        | PurpleRed the Minotaur Berserker began the quest for the
                  | Orb.
     0 | D        | Reached XP level 1. HP: 19/19 MP: 0/0
     1 | D        | Noticed a necrophage
     1 | D        | Noticed a necrophage
     1 | D        | Noticed a necrophage
     1 | D        | Noticed a necrophage
    11 | D        | Killed a necrophage
    12 | D        | Reached skill level 8 in Axes
    12 | D        | Reached XP level 2. HP: 17/31 MP: 1/1
    12 | D        | Reached XP level 3. HP: 21/38 MP: 2/2
    12 | D        | Killed a necrophage
    13 | D        | Reached skill level 10 in Axes
    13 | D        | Reached XP level 4. HP: 26/47 MP: 3/3
    15 | D        | Killed a necrophage
    15 | D        | Reached ** piety under Trog
    16 | D        | Reached skill level 11 in Axes
    16 | D        | Reached XP level 5. HP: 32/56 MP: 4/4
    18 | D        | Reached skill level 12 in Axes
   129 | D        | Killed Menkaure
   228 | D        | Found Ushalu's Antique Weapon Shop.
   228 | D        | Found Zonuv's Antique Armour Shop.
   228 | D        | Found Vuyfetya's Antique Armour Boutique.
   228 | D        | Found Quasiesi's Antique Weapon Shop.
   228 | D        | Found Anwisil's Magic Scroll Boutique.
   228 | D        | Found Xisa's Magic Scroll Boutique.
   228 | D        | Noticed a crocodile
   234 | D        | Killed a crocodile
   235 | D        | Reached skill level 10 in Fighting
   235 | D        | Reached skill level 13 in Axes
   235 | D        | Reached XP level 6. HP: 66/66 MP: 5/5
   235 | D        | Found Wytoebic's Distillery.
   235 | D        | Found Yshah's Armour Shop.
   235 | D        | Found Gij Wase's Distillery.
   236 | D        | Found Ridomel's Distillery.
   236 | D        | Noticed an ice dragon
   238 | D        | Found Iriohoekh's Jewellery Boutique.
   238 | D        | Found Wuarighe's Magic Scroll Shop.
   238 | D        | Noticed an oklob plant
   239 | D        | Found Etwuk's Jewellery Shop.
   239 | D        | Found Zuwiwual's Book Shoppe.
   239 | D        | Found Wakuj's Book Boutique.
   271 | D        | Bought a translucent ring mail for 243 gold pieces
   271 | D        | Identified the +6 ring mail of the Gastropod {Int+3} (You
                  | bought it in a shop in the Dungeon)
   289 | D        | Reached skill level 14 in Axes
   333 | D        | Noticed a merfolk siren
   334 | D        | Noticed a boulder beetle
   350 | D        | Noticed a boulder beetle
   360 | D        | Killed a merfolk siren
   360 | D        | Reached *** piety under Trog
   361 | D        | Reached skill level 15 in Axes
   361 | D        | Reached XP level 7. HP: 57/77 MP: 6/6
   374 | D        | Killed a boulder beetle
   375 | D        | Reached skill level 17 in Axes
   375 | D        | Reached XP level 8. HP: 86/86 MP: 7/7
   387 | D        | Killed a boulder beetle
   388 | D        | Reached skill level 19 in Axes
   529 | D        | Reached **** piety under Trog
   554 | D        | Bought a shimmering eveningstar for 420 gold pieces
   554 | D        | Identified the +3 eveningstar of Meogheff {speed, *Corrode
                  | rPois Str-4 Int+6} (You bought it in a shop in the Dungeon)
   575 | D        | Found a glowing silver altar of Zin.
   576 | D        | Found a glowing golden altar of the Shining One.
   576 | D        | Found a basalt altar of Yredelemnul.
   576 | D        | Found a hide-covered altar of Uskayaw.
   577 | D        | Found a shimmering altar of Xom.
   577 | D        | Found a bloodstained altar of Trog.
   578 | D        | Found an ornate altar of the Wu Jian Council.
   578 | D        | Found a shimmering blue altar of Sif Muna.
   578 | D        | Found a corrupted altar of Lugonu.
   578 | D        | Found a radiant altar of Vehumet.
   578 | D        | Found a burning altar of Makhleb.
   579 | D        | Found a sacrificial altar of Ru.
   579 | D        | Found an ancient bone altar of Kikubaaqudgha.
   579 | D        | Found a white marble altar of Elyvilon.
   580 | D        | Found a stormy altar of Qazlal.
   580 | D        | Found a viscous altar of Jiyva.
   580 | D        | Found a shadowy altar of Dithmenos.
   581 | D        | Found a hazy altar of Hepliaklqana.
   581 | D        | Found a snail-covered altar of Cheibriados.
   583 | D        | Noticed a yaktaur
   583 | D        | Noticed a hornet
   583 | D        | Noticed a polar bear
   583 | D        | Noticed a polar bear
   587 | D        | Killed a polar bear
   587 | D        | Noticed a polar bear
   588 | D        | Reached XP level 9. HP: 96/96 MP: 8/8
   597 | D        | Killed a yaktaur
   598 | D        | Reached skill level 5 in Maces & Flails
   599 | D        | Killed a polar bear
   599 | D        | Reached ***** piety under Trog
   600 | D        | Reached skill level 15 in Fighting
   600 | D        | Reached skill level 5 in Armour
   601 | D        | Killed a polar bear
   602 | D        | Reached skill level 5 in Dodging
   670 | D        | Found a sparkling altar of Nemelex Xobeh.
   670 | D        | Found a blossoming altar of Fedhas.
   671 | D        | Found an opulent altar of Gozag.
   671 | D        | Found an iron altar of Okawaru.
   684 | D        | Noticed a great orb of eyes
   695 | D        | Noticed a death drake
   695 | D        | Noticed a death drake
   715 | D        | Noticed a kraken
   728 | D        | HP: 6/145 [tentacle[a kraken] (23)]
   731 | D        | Slain by a tentacle

Illustrated notes

Levels and vault maps discovered:
D:        the_violet_keep_of_menkaure [sprint2_stairs_cluster_1,
          sprint2_shoproom, sprint2_temple, sprint2_basic_supplies,
          sprint2_obstacle_7, sprint2_obstacle_2, sprint2_obstacle_1,
          sprint2_obstacle_5, sprint2_obstacle_4, sprint2_timed_cluster_1,
          sprint2_smallroom_cluster_1, sprint2_smallroom_final_cluster_1,
          sprint2_transparent_cluster_1, sprint2_second_timed_cluster_1,
          sprint2_sniper_area_1, sprint2_heavy_combat_area_1,
          sprint2_mutation_trap_area_1, sprint2_forest_area_1,
          sprint2_light_combat_area_1, sprint2_behind_water_1,
          sprint2_near_end_vault_1]

Skill      XL: |  1  2  3  4  5  6  7  8  9 |
---------------+----------------------------+-----
Fighting       | 6 7 8 10 12 13 14 15 | 15.1
Axes           | 8 10 11 13 15 17 19 | 19.1
Maces & Flails | 3 7 |  7.1
Armour         | 3 5 |  5.6
Dodging        | 3 5 |  5.1

Action                     |  1- 3 |  4- 6 |  7- 9 || total
---------------------------+-------+-------+-------++-------
  Melee: Hand axe          |     8 |    32 |    28 ||    68
         Headbutt          |       |     7 |     9 ||    16
         Punch             |       |     1 |       ||     1
         Eveningstar       |       |       |    19 ||    19
         Unarmed           |       |       |     6 ||     6
 Invoke: Berserk           |     1 |     2 |     2 ||     5
         Trog's Hand       |       |     1 |       ||     1
    Use: Potion            |       |     2 |     2 ||     4
 Armour: Animal skin       |     6 |       |       ||     6
         Ring mail         |       |     6 |    24 ||    30
         Skin              |       |       |    10 ||    10
  Dodge: Dodged            |     3 |     5 |    31 ||    39
